 Dungeon Crawl Stone Soup version 0.23.2 (webtiles) character file.

Game seed: 6512054212243071165

1512 MrTaco21 the Shield-Bearer (level 9, 0/69 HPs)
             Began as a Formicid Fighter on Oct 3, 2019.
             Was an Initiate of Gozag.
             Slain by Menkaure (2 damage)
             ... on level 5 of the Dungeon.
             The game lasted 00:33:32 (6727 turns).

MrTaco21 the Shield-Bearer (Formicid Fighter)       Turns: 6727, Time: 00:33:33

Health: 0/69       AC: 15    Str: 25    XL:     9   Next: 9%
Magic:  9/9        EV:  6    Int:  7    God:    Gozag
Gold:   327        SH: 11    Dex: 10    Spells: 8/8 levels left

rFire    . . .     SeeInvis +   F - +1 hand axe (flame)
rCold    . . .     Gourm    .   c - +0 shield
rNeg     . . .     Faith    .   x - +1 plate armour
rPois    .         Spirit   .   (helmet unavailable)
rElec    .         Reflect  .   (no cloak)
rCorr    .         Harm     .   q - +0 pair of gloves
MR       .....                  (no boots)
Stlth    ..........             (no amulet)
HPRegen  0.21/turn              (no ring)
MPRegen  0.11/turn              (no ring)

@: no status effects
A: permanent stasis, dig shafts and tunnels, four strong arms, antennae 3
a: Dig, Shaft Self, Potion Petition, Call Merchant, Bribe Branch, Renounce
Religion


You were on level 5 of the Dungeon.
You worshipped Gozag.
Gozag was aware of your devotion.
You were not hungry.

You visited 2 branches of the dungeon, and saw 6 of its levels.

You collected 396 gold pieces.
You paid 69 gold pieces to Gozag.

Inventory:

Hand Weapons
 t - a +0 hunting sling
 y - a +2 spear of pain
 E - a +2 dagger of speed
 F - a +1 hand axe of flaming (weapon)
Missiles
 e - 163 stones (quivered)
Armour
 c - a +0 shield (worn)
 q - a +0 pair of gloves (worn)
 x - a +1 plate armour (worn)
Magical Staves
 r - an uncursed staff of poison {unknown}
Jewellery
 p - an uncursed ring of magical power {unknown}
 A - an uncursed amulet of the acrobat {unknown}
 B - a +3 ring of slaying {unknown}
Wands
 o - a wand of iceblast (8)
Scrolls
 b - a scroll of amnesia
 g - a scroll of immolation
 i - 2 scrolls of fog
 k - a scroll of enchant weapon
 l - a scroll of remove curse
 u - 3 scrolls of enchant armour
 C - a scroll of teleportation
Potions
 d - a potion of might
 h - 2 potions of degeneration {unknown}
 j - a potion of ambrosia {unknown}
 m - a potion of curing {unknown}
 n - a potion of magic {unknown}
 s - 2 potions of heal wounds {unknown}
 v - a potion of agility {unknown}
 z - a potion of flight {unknown}
 D - 2 potions of brilliance {unknown}
Comestibles
 f - 6 rations


   Skills:
 + Level 6.2 Fighting
 + Level 5.2 Polearms
 + Level 6.2 Armour
 - Level 0.5 Dodging
 + Level 5.5 Stealth
 + Level 6.7 Shields


You had 8 spell levels left.
You didn't know any spells.
Your spell library contained the following spells:

 Spells                   Type           Power        Failure   Level  Hunger
 Corona                   Hex            #......      100%        1    ##.....
 Ensorcelled Hibernation  Hex/Ice        #.....       100%        2    ###....
 Confuse                  Hex            #.......     100%        3    ####...
 Dazzling Spray           Conj/Hex       #.....       100%        3    ####...
 Tukima's Dance           Hex            #.......     100%        3    ####...


Dungeon Overview and Level Annotations

Branches:
Dungeon (5/15)             Temple (1/1) D:5

Altars:
Ashenzari
Cheibriados
Dithmenos
Elyvilon
Fedhas
Gozag
Hepliaklqana
Kikubaaqudgha
Makhleb
Nemelex Xobeh
Okawaru
Qazlal
Ru
Sif Muna
Trog
Uskayaw
Vehumet
Wu Jian
Xom
Yredelemnul
Zin
The Shining One

Annotations:
D:5 Menkaure


Innate Abilities, Weirdness & Mutations

You cannot be hasted, slowed, berserked, paralysed or teleported.
You can dig through walls and to a lower floor.
Your four strong arms can wield two-handed weapons with a shield.
You have a pair of large antennae on your head. (SInv)


Message History

There is a stone staircase leading down here.
You see here 4 gold pieces.
Menkaure hits you but does no damage. You block Menkaure's attack.
Menkaure calls on the powers of darkness!
Your body is wracked with pain!
* * * LOW HITPOINT WARNING * * *
Menkaure casts a spell at you. Pain shoots through your body!
* * * LOW HITPOINT WARNING * * *
There is a stone staircase leading up here.
Okay, then.
Really read the scroll of immolation?
Okay, then.
Unknown command.
You slash Menkaure! You burn Menkaure.
Menkaure is severely damaged.
Menkaure hits you.
You die...
Your body crumbles into a pile of gold.

........###..## #....#........
..............### ###............
................###..............
.................................
.............###.........).......
........................)........
.................................
.......................).........
................@M.####..........
.................[..#.#).........
..............#####..#.)......#..
..............# #.>........###.
............#.## ##.#.......## ##
...........##..# #.###.......# #
..........###..######.......##
.##........##...###........#.##
.###...........................


You could see Menkaure.

Vanquished Creatures
  A water moccasin (D:4)
  An ice beast (D:5)
  2 phantoms
  2 ogres
  A big kobold (D:5)
  A howler monkey (D:4)
  2 crimson imps (D:5)
  A bullfrog zombie (D:5)
  A hound (D:4)
  2 jellies (D:5)
  A gnoll shaman (D:4)
  3 orc priests
  6 orc wizards
  2 iguanas
  4 worker ants
  A hound zombie (D:5)
  4 gnolls (D:5)
  3 adders
  A shadow imp (D:5)
  3 oozes
  An adder zombie (D:5)
  3 worms
  4 dart slugs (D:2)
  4 leopard geckos
  10 orcs
  5 giant cockroaches
  7 goblins
  12 hobgoblins
  10 jackals
  15 kobolds
  3 quokkas (D:2)
  9 bats
  16 frilled lizards
  8 rats
149 creatures vanquished.

Notes
Turn   | Place    | Note
-------+----------+-------------------------------------------
     0 | D:1      | MrTaco21 the Formicid Fighter began the quest for the Orb.
     0 | D:1      | Reached XP level 1. HP: 18/18 MP: 1/1
    90 | D:1      | Reached XP level 2. HP: 24/24 MP: 2/2
   169 | D:1      | Reached XP level 3. HP: 28/30 MP: 3/3
   919 | D:2      | Reached XP level 4. HP: 35/37 MP: 4/4
  1508 | D:2      | Reached XP level 5. HP: 42/42 MP: 5/5
  2235 | D:3      | Reached skill level 1 in Stealth
  2248 | D:3      | Reached XP level 6. HP: 23/49 MP: 6/6
  2970 | D:3      | Found a shadowy altar of Dithmenos.
  3098 | D:4      | Found a stormy altar of Qazlal.
  3099 | D:4      | Noticed an ogre
  3350 | D:4      | Noticed a phantom
  3371 | D:5      | Entered Level 5 of the Dungeon
  3398 | D:5      | Reached skill level 5 in Shields
  3472 | D:4      | Killed a phantom
  3472 | D:4      | Reached XP level 7. HP: 46/55 MP: 7/7
  4045 | D:4      | Reached skill level 5 in Fighting
  4045 | D:4      | Reached skill level 5 in Armour
  4276 | D:4      | Found a white marble altar of Elyvilon.
  4531 | D:4      | Reached XP level 8. HP: 60/62 MP: 8/8
  4739 | D:5      | Found a staircase to the Ecumenical Temple.
  4965 | Temple   | Entered the Ecumenical Temple
  5098 | Temple   | Became a worshipper of Gozag Ym Sagoz the Greedy
  5740 | D:5      | Noticed Menkaure
  6046 | D:5      | Reached skill level 5 in Polearms
  6046 | D:5      | Reached skill level 5 in Stealth
  6368 | D:5      | Reached XP level 9. HP: 68/69 MP: 9/9
  6726 | D:5      | HP: 2/69 [Menkaure/nerve-wracking pain (5)]
  6727 | D:5      | Slain by Menkaure

Skill      XL: |  1  2  3  4  5  6  7  8 |
---------------+-------------------------+-----
Shields        | 4 5 6 |  6.7
Fighting       | 4 5 6 |  6.2
Armour         | 4 5 6 |  6.2
Polearms       | 3 4 5 |  5.2
Stealth        | 1 2 3 5 |  5.5
Dodging        | |  0.5

Action                   |  1- 3 |  4- 6 |  7- 9 || total
-------------------------+-------+-------+-------++-------
Melee: Trident           |   129 |    70 |       ||   199
       Scythe            |       |   173 |   245 ||   418
       Hand axe          |       |       |    15 ||    15
  Use: Scroll            |       |     7 |     1 ||     8
  Eat: Chunk             |       |     9 |     5 ||    14
       Ration            |       |       |     2 ||     2
Armor: Scale mail        |    39 |    37 |       ||    76
       Plate armour      |       |    82 |   216 ||   298
Dodge: Dodged            |    25 |    70 |    73 ||   168
Block: Shield            |    57 |   137 |   201 ||   395
